 Dungeon Crawl Stone Soup version 0.29.1-15-g9cfb28693d (webtiles) character file.

Game seed: 15528236271593447143

178 iamoutofideas the Chopper (level 5, 0/47 HPs)
             Began as a Hill Orc Cinder Acolyte on May 1, 2023.
             Was a High Priest of Ignis.
             Killed by divine providence
             ... invoked by an orc priest
              (13 damage)
             ... on level 3 of the Dungeon.
             The game lasted 00:03:34 (3446 turns).

iamoutofideas the Chopper (Hill Orc Cinder Acolyte) Turns: 3446, Time: 00:03:35

Health: 0/47       AC: 11    Str: 19    XL:     5   Next: 58%
Magic:  6/6        EV:  5    Int: 20    God:    Ignis [*****.]
Gold:   231        SH:  0    Dex:  6    Spells: 4/6 levels left

rFire   + . .      SeeInvis .   a - -1 hand axe (flame)
rCold   . . .      Faith    .   (no shield)
rNeg    . . .      Spirit   .   d - +0 plate armour
rPois   .          Reflect  .   n - +0 helmet
rElec   .          Harm     .   (no cloak)
rCorr   .          Rampage  .   (no gloves)
Will    .....                   (no boots)
Stlth   ..........              (no amulet)
HPRegen 0.15/turn               m - +6 ring of intelligence
MPRegen 0.10/turn               (no ring)

@: no status effects
A: no striking features
a: Renounce Religion, Convert to Beogh, Fiery Armour, Foxfire Swarm


You were on level 3 of the Dungeon.
You worshipped Ignis.
Ignis was extremely pleased with you.
You visited 1 branch of the dungeon, and saw 3 of its levels.

You collected 231 gold pieces.

Inventory:

Hand Weapons
 a - a -1 hand axe of flaming (weapon)
 r - a +0 war axe
Missiles
 p - a throwing net (quivered)
Armour
 b - a +0 robe
 d - a +0 plate armour (worn)
 n - a +0 helmet (worn)
 q - a +0 pair of gloves
Magical Staves
 i - a staff of poison
Jewellery
 m - a +6 ring of intelligence (left hand)
Scrolls
 c - a scroll of immolation {unknown}
 f - 4 scrolls of identify {unknown}
 g - a scroll of vulnerability {unknown}
 h - a scroll of noise {unknown}
 j - 2 scrolls of enchant weapon {unknown}
 o - 2 scrolls of amnesia
Potions
 e - 2 potions of attraction {unknown}
 k - a potion of lignification {unknown}
 l - a potion of flight {unknown}


   Skills:
 + Level 4.3 Fighting
 * Level 6.4 Axes
 + Level 1.8 Armour
 + Level 0.7 Dodging
 - Level 1.0 Spellcasting
 - Level 3.7 Fire Magic


You had 4 spell levels left.
You knew the following spells:

 Your Spells              Type           Power      Damage    Failure   Level
a - Scorch                Fire           30%        2d7       92%         2

Your spell library contained the following spells:

 Spells                   Type           Power      Damage    Failure   Level
 Ignite Poison            Fire/Tmut/Pois 5%         N/A       100%        3
 Mephitic Cloud           Conj/Pois/Air  1%         N/A       100%        3
 Freezing Cloud           Conj/Ice/Air   0%         6-21      100%        5
 Simulacrum               Ice/Necr       0%         N/A       100%        6
 Polar Vortex             Ice            0%         N/A       100%        9


Dungeon Overview and Level Annotations

Branches:
Dungeon (3/15)

Altars:
Zin

Shops:
D:1 !


Message History

You closely miss the quokka. You hit the orc. You burn the orc.
The quokka closely misses you. The orc hits you but does no damage.
You closely miss the orc.
The orc is almost dead.
You closely miss the quokka.
The quokka bites you but does no damage.
The orc priest calls upon Beogh to heal the orc.
The orc is healed somewhat.
The orc hits you but does no damage.
You hit the orc but do no damage.
The orc is moderately wounded.
You closely miss the quokka. The quokka barely misses you.
The orc priest invokes the aid of Beogh against you.
Beogh smites you! The orc hits you but does no damage.
You barely miss the orc.
The orc is moderately wounded.
You hit the quokka. You burn the quokka. The quokka bites you.
The orc barely misses you.
Unknown command.
You are too injured to fight recklessly!
Unknown command.
You are too injured to fight recklessly!
Unknown command.
Unknown command.
You are too injured to fight recklessly!
You are too injured to fight recklessly!
You hit the orc but do no damage.
The orc is moderately wounded.
You closely miss the quokka. The quokka barely misses you.
The quokka bites you. The orc hits you with a +0 dagger.
The orc attacks as you move away! The orc closely misses you.
The orc priest begins to cast a cantrip, but forgets the words!
The quokka attacks as you move away! The quokka bites you.
* * * LOW HITPOINT WARNING * * *
The quokka attacks as you move away! The quokka bites you.
* * * LOW HITPOINT WARNING * * *
The quokka attacks as you move away!
The quokka bites you but does no damage.
The orc priest invokes the aid of Beogh against you.
Beogh smites you!
You die...

#.#)#
#######.####..# #
#.#.# #.......#
#.# #.#.#
#####.).# #######
#.. #.#.##
#...###......
#.##.#..#
##...#..#####
#..#.##.#
####o....##
#...##.#
####.oooo.#.v#
#......#
###.r.r###..##o#
####.#.[##
##..@#### #..##r#
........##
##..### #..##or#
.###.##รท..##..##
#.....o#
#.####....##
#..##..o
#.####...####
##.##?...
##.....)#.>..##
###..o
###..#######<...#
.... ....>#
##....#### ....
###.####..####


You could see 2 orc priests, 3 orcs, a quokka and a rat.

Vanquished Creatures
  A hound (D:3)
  An orc priest (D:3)
  Robin (D:2)
  2 adders (D:2)
  2 worms
  A dart slug (D:1)
  4 orcs (D:3)
  6 bats
  6 endoplasms
  3 giant cockroaches
  11 goblins
  8 hobgoblins
  3 jackals (D:1)
  3 quokkas
  5 ball pythons
  3 frilled lizards (D:1)
  4 kobolds
  5 rats
69 creatures vanquished.

Notes
Turn   | Place    | Note
-------+----------+-------------------------------------------
     0 | D:1      | iamoutofideas the Hill Orc Cinder Acolyte began the quest
                  | for the Orb.
     0 | D:1      | Reached XP level 1. HP: 19/19 MP: 2/2
   237 | D:1      | Reached XP level 2. HP: 27/27 MP: 3/3
   699 | D:1      | Learned a level 2 spell: Scorch
   852 | D:1      | Reached XP level 3. HP: 25/33 MP: 4/4
  1071 | D:1      | Found Suosoisa's Distillery.
  1637 | D:2      | Found a faded altar of an unknown god.
  1830 | D:2      | Reached skill level 5 in Axes
  1931 | D:2      | Noticed Robin
  1950 | D:2      | Reached XP level 4. HP: 37/40 MP: 5/5
  1987 | D:2      | Killed Robin
  1988 | D:2      | Reached skill level 1 in Armour
  2921 | D:3      | Reached skill level 6 in Axes
  2921 | D:3      | Reached XP level 5. HP: 40/47 MP: 6/6
  3033 | D:3      | Found a glowing silver altar of Zin.
  3446 | D:3      | Killed from afar by an orc priest

Illustrated notes

Levels and vault maps discovered:
D:1:      sevenhm_arrival_forest_fort_large_4, layout_basic, serial_shops,
          nicolae_shop_behind_doors, amcnicky_mini_rare_corridor_liquid
D:2:      layout_loops_ring, shapermc_ecumenical_altar_venn, grunt_ministairs_4,
          uniq_robin
D:3:      layout_rooms, lemuel_tele_altar, gammafunk_temple_overflow_elements

Skill      XL: |  1  2  3  4 |
---------------+-------------+-----
Fighting       | 4 |  4.3
Axes           | 5 6 |  6.4
Armour         | 1 |  1.8
Dodging        | |  0.7
Spellcasting   | |  1.0
Fire Magic     | |  3.7

Action                   |  1- 3 |  4- 6 || total
-------------------------+-------+-------++-------
Melee: Hand axe          |   134 |   114 ||   248
       Punch             |     2 |       ||     2
Invok: Foxfire Swarm     |       |     1 ||     1
       Rising Flame      |       |     1 ||     1
  Use: Scroll            |       |     1 ||     1
Armor: Robe              |    11 |       ||    11
       Plate armour      |    59 |    73 ||   132
Dodge: Dodged            |    59 |    27 ||    86
